 Dungeon Crawl Stone Soup version 0.26-a0-812-g31a745ddcd (webtiles) character file.

Game seed: 9547054423297395165

44 nicanaca0 the Caller (level 3, -7/16 HPs)
             Began as a Vine Stalker Summoner on Nov 23, 2020.
             Mangled by Crazy Yiuf
             ... wielding a +2 quarterstaff of chaos
              (8 damage)
             ... on level 2 of the Dungeon.
             The game lasted 00:03:25 (3106 turns).

nicanaca0 the Caller (Vine Stalker Summoner)        Turns: 3106, Time: 00:03:25

Health: -7/16      AC:  2    Str: 10    XL:     3   Next: 60%
Magic:  0/8        EV: 12    Int: 16    God:
Gold:   201        SH:  5    Dex: 14    Spells: 6/7 levels left

rFire    . . .     SeeInvis .   (no weapon)
rCold    . . .     Faith    .   (no shield)
rNeg     . . .     Spirit   +   a - +0 robe
rPois    .         Reflect  +   (no helmet)
rElec    .         Harm     .   (no cloak)
rCorr    .         Rampage  .   (no gloves)
MR       .....                  (no boots)
Stlth    +++.......             i - amulet of reflection
HPRegen  0.05/turn              c - ring of stealth
MPRegen  0.11/turn              (no ring)

@: lethally poisoned (-7 -> -16)
A: fangs 2, magic shield, antimagic bite, no potion heal 3, rot immunity
a: no special abilities


You were on level 2 of the Dungeon.
You visited 1 branch of the dungeon, and saw 2 of its levels.

You collected 201 gold pieces.

Inventory:

Armour
 a - a +0 robe (worn)
Jewellery
 c - a ring of stealth (left hand)
 i - an amulet of reflection (around neck)
Scrolls
 d - 2 scrolls of teleportation {unknown}
 e - 2 scrolls of enchant weapon {unknown}
 f - a scroll of enchant armour {unknown}
 g - a scroll of remove curse {unknown}
 h - 2 scrolls of identify {unknown}
 l - a scroll of magic mapping {unknown}
 n - a scroll of blinking {unknown}
 p - a scroll of random uselessness {unknown}
Potions
 b - a potion of brilliance {unknown}
 j - 2 potions of flight {unknown}
 k - 2 potions of attraction {unknown}
 m - a potion of degeneration {unknown}
 o - a potion of magic {unknown}
 q - a potion of mutation {unknown}


   Skills:
 + Level 2.1 Dodging
 + Level 3.2 Stealth
 + Level 2.7 Spellcasting
 + Level 4.3 Summonings


You had 6 spell levels left.
You knew the following spells:

 Your Spells              Type           Power        Failure   Level
a - Summon Small Mammal   Summ           ###.         3%          1

Your spell library contained the following spells:

 Spells                   Type           Power        Failure   Level
 Call Imp                 Summ           ###.....     4%          2
 Call Canine Familiar     Summ           ###.....     10%         3
 Summon Guardian Golem    Hex/Summ       #.......     24%         3
 Summon Ice Beast         Ice/Summ       #.......     61%         4
 Summon Lightning Spire   Summ/Air       #.......     61%         4


Dungeon Overview and Level Annotations

Branches:
Dungeon (2/15)

Altars:

Annotations:
D:2 Crazy Yiuf


Innate Abilities, Weirdness & Mutations

You have extremely sharp teeth.
When hurt, damage is shared between your health and your magic reserves.
Your bite disrupts and absorbs the magic of your enemies.
Potions cannot restore your health.
You are immune to rotting.


Message History

You are lethally poisoned!
You feel sick. Crazy Yiuf barely misses you.
You feel sick.
Your bat barely misses Crazy Yiuf.
Your rat bites Crazy Yiuf.
You feel sick.
Your bat barely misses Crazy Yiuf.
Crazy Yiuf laughs, "Rot dark blue!"
Casting: Summon Small Mammal (safe; 3% risk of failure)
Confirm with . or Enter, or press ? or * to list all spells.
You feel sick.
Your bat completely misses Crazy Yiuf.
Crazy Yiuf says, "Aardvark arm fast!"
Crazy Yiuf hits you with a +2 quarterstaff of chaos.
* * * LOW HITPOINT WARNING * * *
You feel your power leaking away.
Your rat bites Crazy Yiuf but does no damage.
* * * LOW HITPOINT WARNING * * *
You feel sick.
Your bat hits Crazy Yiuf but does no damage.
Your bat barely misses Crazy Yiuf.
Crazy Yiuf hits you with a +2 quarterstaff of chaos!
Ouch! That really hurt!
You die...

.# #..##.# ##.# ###
#.###.# .# #..##.#
#.## #># #.# <#
#.....# ##.# #.# #.#
.# ##.##.# ##.## #.#
#.# .# #.##.# ##.P.#
#.###.## .####....#
#P...# ###.......
.........# #.br.#
#.......##
#####.##.#####.g#####
#.#######
#.##.#.##.r.@...## #.#
#.##..........##.# #.#
#.####.####.#.#.####.#
#.# #.# ##.........#
#.####.# ##.########
#......# ### ########


You could see Crazy Yiuf, a friendly quokka (summoned), a friendly bat
(summoned) and a friendly rat (summoned).

Vanquished Creatures
  A worm (D:2)
  2 dart slugs (D:2)
  A leopard gecko (D:1)
  2 giant cockroaches (D:2)
  2 goblins
  2 bats (D:2)
  3 frilled lizards
  2 kobolds (D:2)
  A rat (D:2)
16 creatures vanquished.

Vanquished Creatures (collateral kills)
  An adder (D:2)
  An ooze (D:2)
  2 dart slugs
  A leopard gecko (D:1)
  4 bats
  2 giant cockroaches
  A hobgoblin (D:2)
  5 goblins
  3 kobolds
  A rat (D:2)
21 creatures vanquished.

Vanquished Creatures (others)
  A fungus (D:2)
1 creature vanquished.

Grand Total: 38 creatures vanquished

Notes
Turn   | Place    | Note
-------+----------+-------------------------------------------
     0 | D:1      | nicanaca0 the Vine Stalker Summoner began the quest for the
                  | Orb.
     0 | D:1      | Reached XP level 1. HP: 9/9 MP: 4/4
   663 | D:1      | Reached XP level 2. HP: 13/13 MP: 0/6
  1676 | D:2      | Reached XP level 3. HP: 16/16 MP: 4/7
  2928 | D:2      | Found a runed translucent door.
  2929 | D:2      | Noticed Crazy Yiuf
  3106 | D:2      | Mangled by Crazy Yiuf

Illustrated notes

Levels and vault maps discovered:
D:1:      nicolae_arrival_memento_mori, layout_basic, corner_web_ring,
          minmay_worlds_worst_comb
D:2:      layout_loops_corners, uniq_crazy_yiuf_cottage

Skill      XL: |  1  2 |
---------------+-------+-----
Stealth        | 3 |  3.2
Dodging        | 2 |  2.1
Spellcasting   | |  2.7
Summonings     | |  4.3

Action                   || total
-------------------------++-------
Melee: Unarmed           ||    92
       Bite              ||    19
 Cast: Summon Small Mamm ||    60
 Stab: Sleeping          ||     9
Armor: Robe              ||    32
Dodge: Dodged            ||    88
Block: Other             ||    17

Table legend: (Time is in decaauts)
 A = Elapsed time spent in this place.
 B = Non-inter-level travel time spent in this place.
 C = Inter-level travel time spent in this place.
 D = Time resting spent in this place.
 E = Time spent auto-exploring this place.
 F = Levels seen in this place.
 G = Mean time per level.
                   A        B        C        D        E       F      G
               +--------+--------+--------+--------+--------+-----+--------+
         Total |   3105 |   3094 |     11 |    429 |   2170 |   2 | 1552.5 |
       Dungeon |   3105 |   3094 |     11 |    429 |   2170 |   2 | 1552.5 |
               +--------+--------+--------+--------+--------+-----+--------+

Top non-repeatable levels by time:
     D:2: 1905 daAuts
     D:1: 1200 daAuts
